 Dungeon Crawl Stone Soup version 0.18-a0-1203-gbde16db (webtiles) character file.

388 krabocopter the Chopper (level 7, 35/52 HPs)
             Began as a Formicid Fighter on Feb 1, 2016.
             Quit the game on level 4 of the Dungeon.
             The game lasted 00:11:17 (3072 turns).

krabocopter the Chopper (Formicid Fighter)          Turns: 3072, Time: 00:11:17

Health: 35/52      AC:  7    Str: 21    XL:     7   Next: 7%
Magic:  7/7        EV:  8    Int:  7    God:
Gold:   201        SH:  9    Dex: 12    Spells: 0 memorised, 6 levels left

rFire  . . .     SeeInvis +     y - -1 scythe (curse)
rCold  . . .     Gourm    .     b - +0 scale mail
rNeg   . . .     Faith    +     c - +0 shield
rPois  .         Spirit   .     (helmet unavailable)
rElec  .         Dismiss  .     (no cloak)
rCorr  .         Reflect  .     (no gloves)
SustAt .         Harm     .     (no boots)
MR     .....                    p - amulet of faith
Stlth  ..........               (no ring)
                                (no ring)

@: not resistant to hostile enchantments, extremely unstealthy
A: permanent stasis, dig shafts and tunnels, four strong arms, antennae 3
a: Dig, Shaft Self


You were on level 4 of the Dungeon.
You were not hungry.

You visited 1 branch of the dungeon, and saw 4 of its levels.

You collected 201 gold pieces.

Inventory:

Hand Weapons
 a - a +0 war axe
 y - a cursed -1 scythe (weapon)
Armour
 b - a +0 scale mail (worn)
 c - a +0 shield (worn)
Jewellery
 o - an uncursed amulet of rage
 p - an amulet of faith (around neck)
Wands
 r - a wand of polymorph (10/24)
 s - a wand of draining (6/15)
Scrolls
 e - 5 scrolls of remove curse
 g - 5 scrolls of identify
 i - a scroll of magic mapping {unknown}
 l - 2 scrolls of teleportation {unknown}
 q - a scroll of random uselessness {unknown}
 t - a scroll of blinking {unknown}
 u - a scroll of noise {unknown}
 x - a scroll of enchant weapon {unknown}
Potions
 d - a potion of ambrosia
 j - 4 potions of heal wounds {unknown}
 k - a potion of haste {unknown}
 m - a potion of lignification {unknown}
Comestibles
 f - 3 bread rations
 h - 4 meat rations
 n - 2 fruits
 v - 8 chunks of flesh
 w - a royal jelly


   Skills:
 - Level 3.2 Fighting
 - Level 6.2 Axes
 + Level 4.2 Armour
 + Level 4.3 Shields


You had 6 spell levels left.
You didn't know any spells.

Dungeon Overview and Level Annotations

Branches:
Dungeon (4/15)
 Temple: D:4-7

Altars:
Cheibriados
Nemelex Xobeh


Innate Abilities, Weirdness & Mutations

You are under a permanent stasis effect.
You can dig through walls and to a lower floor.
Your four strong arms can wield two-handed weapons with a shield.
You have a pair of large antennae on your head (SInv).


Message History

You start resting.
The orc shouts!
The orc barely misses you.
You slash the orc!
You kill the orc!
j - 4 blue potions (gained 2)
Things that are here:
an enchanted scythe; a robe; an orc corpse
y - an enchanted scythe You butcher the orc corpse.
v - 8 chunks of flesh (gained 3)
You see here a robe.
Wield which item (- for none, * to show all)? (? for menu, Esc to quit)
It sticks to your hand!
y - a cursed -1 scythe (weapon)
Quiver which item? (- for none, * to show all) (? for menu, Esc to quit)
Okay, then.
Quiver which item? (- for none, * to show all) (? for menu, Esc to quit)
Okay, then.
Are you sure you want to abandon this character and quit the game? (Confirm with "yes".)

.......#...{{......#...
#.......#####.###'######
#.......#..##o###..##..#
#.......#...............
#.......#...............
#.......#.....##..##..##
#.......#.....##..##'###
#.......#...............
#......@#...............
#.......#...............
#.......#...............
#.......#...####..##..##
#.......#...########..##
#.......'..............#
#.......#..............#
#.......#..............#
#.......#..###...###.#..


There were no monsters in sight!

Vanquished Creatures
  2 hounds (D:4)
  An orc wizard (D:3)
  Natasha (D:2)
  Ijyb (D:3)
  Terence (D:2)
  A worker ant (D:4)
  3 gnolls (D:3)
  7 adders
  2 oozes
  4 worms
  A giant gecko (D:3)
  12 orcs
  7 bats
  5 giant cockroaches
  8 goblins
  6 hobgoblins
  5 jackals
  A quokka (D:3)
  A ball python (D:1)
  4 giant newts
  8 kobolds
  8 rats
89 creatures vanquished.

Notes
Turn   | Place    | Note
--------------------------------------------------------------
     0 | D:1      | krabocopter the Formicid Fighter began the quest for the Orb.
     0 | D:1      | Reached XP level 1. HP: 18/18 MP: 1/1
    82 | D:1      | Reached XP level 2. HP: 18/24 MP: 2/2
   227 | D:1      | Found a snail-covered altar of Cheibriados.
   238 | D:1      | Reached XP level 3. HP: 29/29 MP: 3/3
   649 | D:2      | Noticed Terence
   655 | D:2      | Killed Terence
   655 | D:2      | Reached skill level 4 in Axes
   655 | D:2      | Reached XP level 4. HP: 33/35 MP: 4/4
   918 | D:2      | Noticed Natasha
   923 | D:2      | Killed Natasha
   923 | D:2      | Reached XP level 5. HP: 36/41 MP: 5/5
   948 | D:2      | Reached skill level 5 in Axes
  1015 | D:2      | Found a sparkling altar of Nemelex Xobeh.
  1536 | D:3      | Reached XP level 6. HP: 17/47 MP: 6/6
  1831 | D:3      | Reached skill level 6 in Axes
  1880 | D:3      | Noticed Ijyb
  1902 | D:3      | Killed Ijyb
  1932 | D:3      | Found a glowing drain.
  3031 | D:4      | Reached XP level 7. HP: 35/52 MP: 7/7
  3072 | D:4      | Quit the game

Vault maps used:
D:1:      onia_arrival_handbag, cheibriados_altar_1
D:2:      nemelex_spade_bored_becter, uniq_terence, uniq_natasha
D:3:      gup_sewer_entry_glass, minmay_misc_feat_tiny, uniq_iyjb
D:4:      first_bread, sigmund_army

Action                   |  1- 3 |  4- 6 |  7- 9 || total
-------------------------+-------+-------+-------++-------
Melee: War axe           |    66 |   251 |    10 ||   327
  Use: Potion            |     1 |     1 |       ||     2
       Scroll            |       |     2 |       ||     2
  Eat: Chunk             |       |     7 |     1 ||     8
